Map: King's Cove LE

Players

wootwoot - Winner!

  • Race: Terran Terran
  • League: Diamond
  • Spawn Location: 5:00

Rollins

  • Race: Terran Terran
  • League: Diamond
  • Spawn Location: 11:00

VOD

Have the link to the VOD?

Description

Time

  • Played on: April 22, 2025, 4:41 a.m.
  • Length: 2:40
Show
View Real Time Build Order
Export as new Build Order

wootwoot Terran - Winner!

Build Orders:  

Get SALT Encoding   

  12  0:00  SCV  
  13  0:12  SCV  
  14  0:18  Supply Depot  
  14  0:24  SCV  
  15  0:30  Refinery  
  15  0:48  Barracks  
  15  1:04  Barracks  
  15  1:21  Barracks  
  15  1:32  Refinery  
  15  1:36  Reaper  
  16  1:51  Reaper  
  17  2:08  Reaper  
  19  2:20  SCV  
Show
View Real Time Build Order
Export as new Build Order

Rollins Terran 

Build Orders:  

Get SALT Encoding   

  12  0:00  SCV  
  13  0:12  SCV  
  14  0:18  Supply Depot  
  14  0:25  SCV  
  15  0:39  SCV  
  16  0:43  Barracks  
  16  0:46  Refinery  
  16  0:52  SCV  
  17  1:04  SCV  
  18  1:17  SCV  
  19  1:29  Orbital Command  
  19  1:31  Reaper  
  20  1:50  Supply Depot  
  20  1:52  Refinery, Barracks  
  20  1:56  SCV  
  21  2:01  Bunker  
  21  2:05  Barracks Reactor  
  21  2:10  SCV  
  22  2:26  SCV  
Tags
 
Matchup
TvT
Race
Terran
Replay Pack
#1B2M-Replays
Spawn Locations
Cross Positions
Add a new tag
Caveats
  • Supply blocks, unpowered buildings, or Contaminate may cause inaccurate times.
  • Supply counts are checked every 10 seconds.